 Dungeon Crawl Stone Soup version 0.30-a0-134-gb40fab5c76 (webtiles) character file.

Game seed: 3080019128471331763

45 Powertoast the Shooter (level 3, 26/26 HPs)
             Began as a Barachi Hexslinger on Sept 20, 2022.
             Quit the game on level 3 of the Dungeon.
             The game lasted 00:03:19 (1430 turns).

Powertoast the Shooter (Barachi Hexslinger)         Turns: 1430, Time: 00:03:20

Health: 26/26      AC:  6    Str: 11    XL:     3   Next: 64%
Magic:  4/4        EV: 12    Int: 13    God:
Gold:   107        SH:  0    Dex: 14    Spells: 3/4 levels left

rFire   . . .      SeeInvis .    a - +1 sling
rCold   . . .      Faith    .    (no shield)
rNeg    . . .      Spirit   .    c - +0 robe
rPois   .          Reflect  .    f - +0 helmet
rElec   .          Harm     .    (no cloak)
rCorr   .          Rampage  .    g - +0 pair of gloves
Will    .....                    d - +1 pair of boots
Stlth   +.........               (no amulet)
HPRegen 0.08/turn                (no ring)
MPRegen 0.09/turn                (no ring)

@: slow
A: amphibious, slowness 1, strong legs 1, +LOS
a: Hop


You were on level 3 of the Dungeon.
You visited 1 branch of the dungeon, and saw 3 of its levels.

You collected 107 gold pieces.

Inventory:

Hand Weapons
 a - a +1 sling (weapon)
Armour
 c - a +0 robe (worn)
 d - a +1 pair of boots (worn)
 f - a +0 helmet (worn)
 g - a +0 pair of gloves (worn)
 m - the +1 chain mail "Xeeki" {rF+}
   (You found it on level 3 of the Dungeon)

   rF:        It protects you from fire.
Scrolls
 b - 2 scrolls of poison
 j - 2 scrolls of amnesia {unknown}
 l - a scroll of identify {unknown}
Potions
 e - 2 potions of heal wounds {unknown}
 h - 2 potions of curing {unknown}
 i - 2 potions of degeneration {unknown}
 k - a potion of cancellation {unknown}


   Skills:
 + Level 1.6 Fighting
 * Level 3.8 Ranged Weapons
 - Level 2.1 Dodging
 - Level 1.1 Spellcasting
 - Level 3.2 Hexes


You had 3 spell levels left.
You knew the following spells:

 Your Spells              Type           Power      Damage    Failure   Level
a - Slow                  Hex            36%        N/A       8%          1

Your spell library contained the following spells:

 Spells                   Type           Power      Damage    Failure   Level
 Beastly Appendage        Tmut           0%         N/A       28%         1
 Wereblood                Tmut           0%         N/A       38%         2
 Inner Flame              Hex/Fire       4%         N/A       38%         3
 Portal Projectile        Hex/Tloc       8%         N/A       38%         3
 Spider Form              Tmut/Pois      0%         N/A       63%         3
 Cause Fear               Hex            4%         N/A       58%         4


Dungeon Overview and Level Annotations

Branches:
Dungeon (2/15)

Altars:
Nemelex Xobeh


Innate Abilities, Weirdness & Mutations

You are amphibious.
You cover ground slowly.
You can hop short distances.
You have an extended range of vision and can be seen from far away.


Message History

The sling bullet hits the hobgoblin but does no damage.
The hobgoblin is moderately wounded.
The hobgoblin misses you.
You shoot a sling bullet.
The sling bullet completely misses the hobgoblin.
The hobgoblin barely misses you.
You shoot a sling bullet.
The sling bullet completely misses the hobgoblin.
The hobgoblin closely misses you.
The hobgoblin hits you but does no damage.
You shoot a sling bullet.
The sling bullet closely misses the hobgoblin.
The hobgoblin completely misses you.
You shoot a sling bullet. The sling bullet hits the hobgoblin.
You kill the hobgoblin!
You see here a hobgoblin corpse.
You see here a hobgoblin corpse.
HP restored.
Found a sparkling altar of Nemelex Xobeh.
Found a stone staircase leading down.
Found a stone staircase leading up.
You see here the +1 chain mail "Xeeki" {rF+}.
You start removing your armour.
You continue taking off your +0 robe. x4
You finish taking off your +0 robe.
You start putting on your armour.
You continue putting on the +1 chain mail "Xeeki" {rF+}. x5
You finish putting on the +1 chain mail "Xeeki" {rF+}.
Your movement speed is slow.
Your attack delay is about 1.8 (and is slowed by your armour).
Your damage rating with your +1 sling is about 9 (Base 7 x 110% (Dex) x 109% (Skill) + 1 (Ench)).
Unknown command.
You start removing your armour.
You continue taking off the +1 chain mail "Xeeki" {rF+}. x4
You finish taking off the +1 chain mail "Xeeki" {rF+}.
You start putting on your armour.
You continue putting on your +0 robe. x5
You finish putting on your +0 robe.
Your movement speed is slow.
Your attack delay is about 1.2.
Your damage rating with your +1 sling is about 9 (Base 7 x 110% (Dex) x 109% (Skill) + 1 (Ench)).
Unknown command.
Are you sure you want to abandon this character and quit the game? (Confirm with "yes".)

......#.............#
......#.............#
......#.#.####......###
......#.#.####....#...# #
......#.#.............#<.
#####.#.#.####...._.....#
..#.#.# ##.......#
#######.#.# ####..#...#
........#.# #...@....##
.#.######.# #.###>#......
.#.##.....# #.# .# #####
##.##.#######.# .#
.#.##......(..# .#
.#.......###### .#
.#######.# .# ## #.# .#
#.# .#


There were no monsters in sight!

Vanquished Creatures
  2 adders
  2 dart slugs (D:1)
  4 endoplasms
  2 goblins (D:1)
  3 hobgoblins
  A quokka (D:1)
  4 ball pythons (D:1)
  2 bats
  A frilled lizard (D:1)
  2 kobolds (D:1)
  A rat (D:1)
24 creatures vanquished.

Notes
Turn   | Place    | Note
-------+----------+-------------------------------------------
     0 | D:1      | Powertoast the Barachi Hexslinger began the quest for the
                  | Orb.
     0 | D:1      | Reached XP level 1. HP: 15/15 MP: 2/2
   328 | D:1      | Reached XP level 2. HP: 19/21 MP: 3/3
  1003 | D:2      | Reached XP level 3. HP: 26/26 MP: 4/4
  1116 | D:2      | You fall into a shaft and drop 1 floor!
  1402 | D:3      | Found a sparkling altar of Nemelex Xobeh.
  1409 | D:3      | Identified the +1 chain mail "Xeeki" {rF+}
  1430 | D:3      | Quit the game

Illustrated notes

Levels and vault maps discovered:
D:1:      giann_wishing_wells, layout_loops_ring
D:2:      layout_basic, hellmonk_ecumenical_altar_pennies_from_heaven
D:3:      layout_basic, mainiacjoe_overflow_tiny_flanked,
          uniq_crazy_yiuf_cottage

Skill      XL: |  1  2 |
---------------+-------+-----
Ranged Weapons | 3 |  3.8
Fighting       | |  1.6
Dodging        | |  2.1
Spellcasting   | |  1.1
Hexes          | |  3.2

Action                   || total
-------------------------++-------
 Fire: Sling             ||   115
 Cast: Slow              ||     1
Armor: Robe              ||    23
Dodge: Dodged            ||    50

Table legend: (Time is in decaauts)
 A = Elapsed time spent in this place.
 B = Non-inter-level travel time spent in this place.
 C = Inter-level travel time spent in this place.
 D = Time resting spent in this place.
 E = Time spent auto-exploring this place.
 F = Levels seen in this place.
 G = Mean time per level.
                   A        B        C        D        E       F      G
               +--------+--------+--------+--------+--------+-----+--------+
         Total |   1599 |   1587 |     12 |      0 |   1335 |   3 |  533.0 |
       Dungeon |   1599 |   1587 |     12 |      0 |   1335 |   3 |  533.0 |
               +--------+--------+--------+--------+--------+-----+--------+

Top non-repeatable levels by time:
     D:1: 1132 daAuts
     D:3: 337 daAuts
     D:2: 129 daAuts
